AoeStats
← Horizon

Arena

509911215Analyzed
1v1 RM · 4d ago on Sep 28, 2026· 41m 11s· 2 players
Game mode
Random Map
Map size
Tiny (2 player)
Population
200
Speed
Normal
Resources
Standard
Victory
Conquest
Starting age
Dark Age
Ending age
Imperial Age
RankedLock teamsTeams togetherTeam positionsShared explorationLock speedFull tech treeHidden civsTurbo modeCheats
Victory
Defeat
🇬🇷 Vietnamese · Greece
857
+43
🇨🇴 Lithuanians · Colombia
857
-43
perezorlans
1:32 Loom
14:20 Feudal Age
16:07 Wheelbarrow
15:28 Horse Collar
16:24 Double-Bit Axe
16:39 Gold Mining
22:47 Town Watch
23:20 Man-at-Arms
24:36 Bloodlines
26:58 Castle Age
25:16 Scale Mail Armor
26:59 Fletching
28:12 Scale Barding Armor
28:38 Heavy Plow
28:38 Stone Mining
29:03 Bow Saw
30:12 Stone Shaft Mining
31:14 Hand Cart
30:59 Elite Skirmisher
31:00 Crossbowman
31:08 Light Cavalry
34:42 Pikeman
34:43 Long Swordsman
36:13 Chain Mail Armor
36:09 Forging
41:56 Imperial Age
40:48 Husbandry
Horizon
7:45 Loom
10:04 Feudal Age
10:25 Horse Collar
10:32 Double-Bit Axe
17:37 Castle Age
19:43 Wheelbarrow
19:27 Gold Mining
19:27 Stone Mining
21:40 Bow Saw
25:07 Stone Shaft Mining
27:49 Imperial Age
26:29 Ballistics
25:50 Treadmill Crane
26:06 Murder Holes
26:22 Masonry
27:58 Fortified Wall
27:50 Padded Archer Armor
27:41 Fletching
28:01 Forging
27:57 Scale Barding Armor
30:18 Chemistry
29:03 Arrowslits
29:55 Hand Cart
29:26 Town Watch
32:19 Two-Man Saw
31:57 Iron Casting
31:17 Bodkin Arrow
32:53 Town Patrol
33:17 Arrowslits
33:38 Siege Engineers
33:51 Leather Archer Armor
34:42 Bracer
35:12 Ring Archer Armor
35:02 Chain Barding Armor
34:56 Chatras
35:15 Husbandry
35:26 Bloodlines
36:30 Paper Money
36:46 Hoardings
36:21 Elite Battle Elephant
37:20 Sappers
39:08 Thumb Ring
38:24 Elite Skirmisher
41:08 Plate Barding Armor
Connection lost

Rejoining the realm…

Still unreachable

The connection could not be restored.

Session expired

The server has moved on; the page needs a fresh start.